 Dungeon Crawl Stone Soup version 0.32-a0-7-ge934b4519a (webtiles) character file.

Game seed: 50593574927066371

77 veles2001 the Firebug (level 4, 0/3 HPs)
             Began as a Human Cinder Acolyte on Jan 14, 2024.
             Was a High Priest of Ignis.
             Slain by a hobgoblin (3 damage)
             ... on level 2 of the Dungeon.
             The game lasted 00:10:23 (1927 turns).

veles2001 the Firebug (Human Cinder Acolyte)        Turns: 1927, Time: 00:10:23

Health: 0/3        AC:  0    Str: 16    XL:     4   Next: 33%
Magic:  14/14      EV: 11    Int: 15    God:    Ignis [*****.]
Gold:   87         SH:  0    Dex:  8    Spells: 4/5 levels left

rFire   + . .        a - -1 falchion (flame)
rCold   . . .        (no shield)
rNeg    . . .        d - melded +0 ring mail
rPois   .            (no helmet)
rElec   .            (no cloak)
rCorr   .            (no gloves)
SInv    .            (no boots)
Will    .....        g - amulet of magic regeneration
Stlth   +            c - ring of magical power
HPRegen 0.20/turn    (no ring)
MPRegen 0.54/turn

%: no passive effects
@: maw-form
A: devouring maw, reduced hp, explore regen
a: Begin Untransformation, Renounce Religion, Fiery Armour, Foxfire Swarm,
Rising Flame


You were on level 2 of the Dungeon.
You worshipped Ignis.
Ignis was extremely pleased with you.
You were a creature with a mouth for a stomach.
You visited 1 branch of the dungeon, and saw 2 of its levels.

You collected 87 gold pieces.

Inventory:

Hand Weapons
 a - a -1 falchion of flaming (weapon)
Armour
 b - a +0 robe
 d - a +0 ring mail (melded)
Jewellery
 c - a ring of magical power (left hand)
 g - an amulet of magic regeneration (around neck)
 k - a ring of protection from cold
Talismans
 e - a maw talisman (active)
Scrolls
 l - a scroll of identify
Potions
 f - 2 potions of heal wounds
 h - a potion of degeneration
 i - a potion of lignification {unknown}
 j - 2 potions of magic {unknown}


   Skills:
 + Level 3.2 Fighting
 + Level 3.4 Long Blades
 - Level 1.1 Armour
 + Level 1.4 Dodging
 + Level 1.1 Spellcasting
 * Level 1.1 Summonings
 + Level 3.5 Fire Magic


You had 4 spell levels left.
You knew the following spells:

 Your Spells              Type           Power      Damage    Failure   Level
a - Summon Small Mammal   Summ           16%        N/A       16%         1

Your spell library contained the following spells:

 Spells                   Type           Power      Damage    Failure   Level
 Scorch                   Fire           22%        2d5       9%          2
 Apportation              Tloc           0%         N/A       24%         1
 Necrotise                Necr           0%         1d4       24%         1
 Sting                    Conj/Alch      0%         1d3       24%         1
 Blink                    Tloc           0%         N/A       36%         2
 Lesser Beckoning         Tloc           0%         N/A       36%         2
 Momentum Strike          Conj/Tloc      0%         3d8       36%         2
 Static Discharge         Conj/Air       0%         3-3/arc   36%         2
 Summon Lightning Spire   Summ/Air       2%         N/A       88%         4
 Airstrike                Air            0%         2d(0-16)  94%         4


Dungeon Overview and Level Annotations

Branches:
Dungeon (2/15)

Altars:


Innate Abilities, Weirdness & Mutations

You are a creature with a mouth for a stomach.
Your midsection houses a second, enormous mouth.
Your maximum health is decreased, since you lack skill for your form.
You regain HP and MP as you explore.


Message History

The ribbon worm is almost dead.
The ribbon worm barely misses you.
You hit the ribbon worm but do no damage.
You bite the ribbon worm.
The ribbon worm is almost dead.
The ribbon worm barely misses you.
You hit the ribbon worm. You burn the ribbon worm.
You kill the ribbon worm!
You see here a ribbon worm corpse.
You start waiting.
Done waiting.
You start waiting.
Done waiting.
You start waiting.
Done waiting.
A rat comes into view.
The rat squeaks loudly.
You closely miss the rat. You bite the rat, but do no damage.
The rat barely misses you.
You barely miss the rat. You bite the rat, but do no damage.
The rat closely misses you.
You barely miss the rat. You bite the rat.
You kill the rat!
You see here a rat corpse.
Found 2 fuming cyan potions.
j - 2 fuming cyan potions
Found a stone.
There is an open door here.
You open the door.
There is an open door here.
There is an open door here.
You see here a rat corpse.
You open the door.
There is an open door here.
l - a scroll of identify A hobgoblin comes into view.
The hobgoblin shouts!
The hobgoblin hits you.
Ouch! That really hurt!
You die...

........####.....#
........'........###
........####........
.......## #..##.###
......## #.###.#
.#)).## #.# #.#
###'## #.# #.# # #.#
#.# #g# ###.#
#.###W###.# ....##
#.........# ##...##
#####.##### #.....#
..# ##...## ###
###<## ###.######
...........
###########


You could see a hobgoblin.

Vanquished Creatures
  2 gnolls (D:1)
  An adder (D:2)
  2 dart slugs
  A ribbon worm (D:2)
  An endoplasm (D:2)
  2 giant cockroaches (D:2)
  7 goblins
  5 hobgoblins
  3 quokkas
  3 ball pythons
  4 bats (D:1)
  2 frilled lizards
  6 kobolds
  A rat (D:2)
40 creatures vanquished.

Notes
Turn   | Place    | Note
-------+----------+-------------------------------------------
     0 | D:1      | veles2001 the Human Cinder Acolyte began the quest for the
                  | Orb.
     0 | D:1      | Reached XP level 1. HP: 18/18 MP: 2/2
    82 | D:1      | Reached XP level 2. HP: 7/24 MP: 3/3
   311 | D:1      | Reached skill level 1 in Dodging
   311 | D:1      | Reached XP level 3. HP: 5/29 MP: 4/4
   725 | D:2      | Reached skill level 1 in Armour
   789 | D:2      | Learned a level 1 spell: Summon Small Mammal
  1028 | D:2      | Reached XP level 4. HP: 35/35 MP: 5/5
  1325 | D:2      | Reached skill level 1 in Summonings
  1927 | D:2      | Slain by a hobgoblin

Illustrated notes

Levels and vault maps discovered:
D:1:      nzn_arrival_settlement, layout_rooms, serial_bayou_lake_a
D:2:      layout_loops_corners, minmay_misc_feat_nine_boxes

Skill      XL: |  1  2  3  4 |
---------------+-------------+-----
Dodging        | 1 |  1.4
Armour         | 1 |  1.1
Summonings     | 1 |  1.1
Fighting       | |  3.2
Long Blades    | |  3.4
Spellcasting   | |  1.1
Fire Magic     | |  3.5

Action                     |  1- 3 |  4- 6 || total
---------------------------+-------+-------++-------
  Melee: Falchion          |   111 |    81 ||   192
         Punch             |     2 |     1 ||     3
         Maw               |       |     8 ||     8
   Cast: Summon Small Mamm |    14 |       ||    14
 Invoke: Fiery Armour      |     1 |       ||     1
    Use: Scroll            |     1 |     4 ||     5
 Armour: Ring mail         |   109 |    59 ||   168
         Skin              |       |     2 ||     2
  Dodge: Dodged            |   112 |    56 ||   168
   Form: Maw               |       |     1 ||     1

Table legend: (Time is in decaauts)
 A = Elapsed time spent in this place.
 B = Non-inter-level travel time spent in this place.
 C = Inter-level travel time spent in this place.
 D = Time resting spent in this place.
 E = Time spent auto-exploring this place.
 F = Levels seen in this place.
 G = Mean time per level.
                   A        B        C        D        E       F      G
               +--------+--------+--------+--------+--------+-----+--------+
         Total |   1969 |   1963 |      6 |    424 |    829 |   2 |  984.5 |
       Dungeon |   1969 |   1963 |      6 |    424 |    829 |   2 |  984.5 |
               +--------+--------+--------+--------+--------+-----+--------+

Top non-repeatable levels by time:
     D:2: 1223 daAuts
     D:1: 746 daAuts
